 Dungeon Crawl Stone Soup version 0.16.1 (webtiles) character file.

2857 TheWizardOfAus the Poker (level 9, 0/72 HPs)
             Began as a Demonspawn Berserker on June 17, 2015.
             Was an Elder of Trog.
             Succumbed to a kobold's poison
             ... on level 7 of the Dungeon.
             The game lasted 01:01:06 (9859 turns).

TheWizardOfAus the Poker (Demonspawn Berserker)     Turns: 9859, Time: 01:01:06

Health: 0/72       AC: 16    Str: 19    XL:     9   Next: 47%
Magic:  9/9        EV:  8    Int: 13    God:    Trog [****..]
Gold:   297        SH:  2    Dex: 14    Spells: 0 memorised, 8 levels left

rFire  . . .     SeeInvis .     h - +0 spear
rCold  + . .     Clarity  .     Y - +0 plate armour
rNeg   + . .     SustAb   .     (no shield)
rPois  .         Gourm    .     (helmet restricted)
rElec  +         Spirit   .     (no cloak)
rCorr  .         Warding  .     T - +0 pair of gloves
rMut   .         Stasis   .     (no boots)
MR     .....                    p - amulet of faith
Stlth  ..........               r - ring of Anarchy {rElec rC+ Int+4 Slay+1}
                                y - ring of positive energy

@: lethally poisoned (0 -> -18), not resistant to hostile enchantments,
extremely unstealthy
A: horns 1, large bone plates 1, powered by pain 2
a: Burn Spellbooks, Berserk, Trog's Hand, Brothers in Arms, Renounce Religion


You were on level 7 of the Dungeon.
You worshipped Trog.
Trog was greatly pleased with you.
You were very hungry.

You visited 2 branches of the dungeon, and saw 8 of its levels.

You collected 297 gold pieces.

Inventory:

Hand weapons
 a - a +0 flail
 b - a +0 dagger of electrocution
 g - a +3 dagger of venom
 h - a +0 spear (weapon)
 i - a +0 dagger of speed
 n - a +0 hunting sling
 t - a cursed -3 flail
 v - a +1 flail of crushing
 w - a +0 hunting sling
 x - a +1 vampiric rapier
 J - a +2 mace of holy wrath
 N - a +2 whip of freezing
 S - a +0 battleaxe
 U - a +1 mace of crushing
Missiles
 e - 13 bolts of frost
 m - 7 javelins (quivered)
 s - 20 poisoned needles
 F - 16 silver bolts
 O - 12 arrows of frost
Armour
 d - a cursed +0 ring mail
 T - a +0 pair of gloves (worn)
 Y - a +0 plate armour (worn)
Jewellery
 p - an amulet of faith (around neck)
 r - the ring of Anarchy (right hand) {rElec rC+ Int+4 Slay+1}
   (You found it on level 5 of the Dungeon)

   [ring of slaying]

   It affects your intelligence (+4).
   It affects your accuracy and damage with ranged weapons and melee attacks
   (+1).
   It protects you from cold.
   It insulates you from electricity.
 y - a ring of positive energy (left hand)
Magical devices
 c - a wand of draining (0)
 E - a wand of magic darts (23)
 K - a wand of frost (16)
 R - a wand of hasting (1)
Scrolls
 l - a scroll of random uselessness
 u - 2 scrolls of enchant weapon {unknown}
 A - 4 scrolls of identify
 H - a scroll of fear
 I - 3 scrolls of remove curse
 L - a scroll of teleportation
 X - a scroll of fog {unknown}
 Z - a scroll of recharging {unknown}
Potions
 f - a potion of flight {unknown}
 j - a potion of cancellation {unknown}
 k - 4 potions of heal wounds {unknown}
 o - a potion of resistance
 q - a potion of cure mutation {unknown}
 z - a potion of curing {unknown}
 D - a potion of haste {unknown}
 W - a potion of magic {unknown}
Comestibles
 B - 4 chunks of flesh
 C - a bread ration
 Q - 2 fruits


   Skills:
 * Level 7.2 Fighting
 - Level 0.3 Short Blades
 * Level 7.8 Polearms
 + Level 6.3 Armour
 + Level 4.4 Dodging


You had 8 spell levels left.
You didn't know any spells.

Dungeon Overview and Level Annotations

Branches:
Dungeon (7/15)             Temple (1/1) D:5

Altars:
Ashenzari
Cheibriados
Dithmenos
Elyvilon
Fedhas
Gozag
Makhleb
Nemelex Xobeh
Okawaru
Qazlal
Ru
Sif Muna
Trog
Vehumet
Xom
Yredelemnul
Zin
The Shining One


Innate Abilities, Weirdness & Mutations

You have a pair of small horns on your head.
You are partially covered in large bone plates (AC +2, SH +2).
You sometimes gain power by taking damage.


Message History

You feel sick. Something hits your iron troll!
Something drains your iron troll!
The kobold shoots a poisoned needle.
The poisoned needle hits you!
You are more poisoned.
You see here a poisoned needle.
Your skin stops crawling.
You feel less resistant to hostile enchantments.
* * * LOW HITPOINT WARNING * * *
You feel sick.
The kobold shoots a poisoned needle.
The poisoned needle barely misses you.
* * * LOW HITPOINT WARNING * * *
You feel sick.
The wight completely misses your iron troll.
Your iron troll bites the kobold!!
The kobold dies!
Trog accepts your kill.
You see here a poisoned needle.
* * * LOW HITPOINT WARNING * * *
You feel sick.
You die...

#(##.((K..##.
#########z(##(#.####.
#........(T....(# ##
#.........).#..##
#......(..#.#..#
#.....(...#....#
####(#####...#.######
#.# #...#.#T.##...
#@# #.###.##.##.##
#.# #.# #..#....#
###.# #.# #......##
#...###.###..###...#
##...#..........###..
#........######.# #.
#......### ... .
#....### ### ##..##


There were no monsters in sight!

Vanquished Creatures
  Pikel (D:5)
  A hippogriff (D:3)
  2 sky beasts
  An ice beast (D:7)
  2 ogres
  2 phantoms
  Blork the orc (D:5)
  A giant frog (D:6)
  3 scorpions
  A wight (D:7)
  3 hounds
  A crimson imp (D:7)
  An orc priest (D:6)
  2 jellies (D:6)
  4 iguanas
  A giant frog skeleton (D:7)
  4 worker ants
  11 orc wizards
  Ijyb (D:4)
  A hound skeleton (D:7)
  A worker ant zombie (D:7)
  7 gnolls
  7 adders
  2 giant mites
  A shadow imp (D:7)
  7 worms
  28 orcs
  2 bat skeletons (D:7)
  A bat zombie (D:7)
  2 giant cockroaches
  18 goblins
  17 hobgoblins
  11 jackals
  2 quokkas
  A ball python (D:2)
  16 bats
  4 giant geckos
  8 giant newts
  9 kobolds
  A quokka skeleton (D:4)
  19 rats
208 creatures vanquished.

Vanquished Creatures (collateral kills)
  A troll (D:7)
  A centaur (D:7)
  A kobold (D:7)
3 creatures vanquished.

Vanquished Creatures (others)
  A jelly (D:5)
  2 jackals (D:5)
  A rat (D:5)
4 creatures vanquished.

Grand Total: 215 creatures vanquished

Notes
Turn   | Place    | Note
--------------------------------------------------------------
     0 | D:1      | TheWizardOfAus, the Demonspawn Berserker, began the quest for the Orb.
     0 | D:1      | Reached XP level 1. HP: 18/18 MP: 1/1
   343 | D:1      | Gained mutation: You are partially covered in large bone plates (AC +2, SH +2). [demonic ancestry]
   343 | D:1      | Reached XP level 2. HP: 18/24 MP: 2/2
   930 | D:2      | Acquired Trog's second power
   987 | D:2      | Gained mutation: You sometimes gain a little power by taking damage. [demonic ancestry]
   987 | D:2      | Reached XP level 3. HP: 28/29 MP: 3/3
  1572 | D:2      | Reached XP level 4. HP: 19/36 MP: 4/4
  2032 | D:3      | Found a shattered altar of Ashenzari.
  2182 | D:3      | Noticed a hippogriff
  2199 | D:3      | Noticed a phantom
  2201 | D:3      | Killed a hippogriff
  2201 | D:3      | Reached skill level 4 in Fighting
  2201 | D:3      | Gained mutation: You sometimes gain power by taking damage. [demonic ancestry]
  2201 | D:3      | Reached XP level 5. HP: 41/42 MP: 5/5
  2313 | D:3      | Killed a phantom
  2313 | D:3      | Reached XP level 6. HP: 34/49 MP: 6/6
  2519 | D:3      | Found a sparkling altar of Nemelex Xobeh.
  2519 | D:3      | Found an opulent altar of Gozag.
  2555 | D:3      | Found a sparkling altar of Nemelex Xobeh.
  3338 | D:4      | Reached skill level 5 in Polearms
  3338 | D:4      | Reached XP level 7. HP: 30/55 MP: 7/7
  4600 | D:4      | Noticed Ijyb
  4647 | D:4      | Killed Ijyb
  4647 | D:4      | Acquired Trog's third power
  4670 | D:4      | Reached skill level 5 in Fighting
  4844 | D:5      | Entered Level 5 of the Dungeon
  4899 | D:5      | Found a basalt altar of Yredelemnul.
  5070 | D:5      | Found a sacrificial altar of Ru.
  5291 | D:5      | Noticed Pikel
  5452 | D:5      | Got a smoking marble ring
  5457 | D:5      | Noticed Blork the orc
  5466 | D:5      | Killed Blork the orc
  5542 | D:5      | Found a staircase to the Ecumenical Temple.
  5554 | Temple   | Entered the Ecumenical Temple
  6099 | D:5      | Killed Pikel
  6099 | D:5      | Reached skill level 6 in Polearms
  6099 | D:5      | Reached XP level 8. HP: 64/64 MP: 8/8
  6752 | D:5      | Reached skill level 5 in Armour
  8219 | D:6      | Reached skill level 7 in Polearms
  8219 | D:6      | Gained mutation: You have a pair of small horns on your head. [demonic ancestry]
  8219 | D:6      | Reached XP level 9. HP: 55/71 MP: 9/9
  8665 | D:6      | Identified the ring of Anarchy {rElec rC+ Int+4 Slay+1} (You found it on level 5 of the Dungeon)
  9240 | D:6      | Found a shadowy altar of Dithmenos.
  9857 | D:7      | HP: 3/72 [poisoned by a kobold]
  9859 | D:7      | Succumbed to a kobold's poison

Action                   |  1- 3 |  4- 6 |  7- 9 || total
-------------------------+-------+-------+-------++-------
Melee: Spear             |   150 |   271 |   930 ||  1351
       Dagger            |    21 |       |       ||    21
Invok: Berserk           |     1 |     1 |     4 ||     6
       Trog's Hand       |       |     2 |     4 ||     6
       Brothers in Arms  |       |       |     1 ||     1
  Use: Scroll            |     2 |     1 |     7 ||    10
  Eat: Bread ration      |     1 |       |     1 ||     2
       Royal jelly       |       |     1 |     2 ||     3
       Meat ration       |       |     1 |     2 ||     3
       Pizza             |       |       |     1 ||     1
       Fruit             |       |       |     1 ||     1
       Beef jerky        |       |       |     2 ||     2
       Chunk             |       |       |     1 ||     1
